 Dungeon Crawl Stone Soup version 0.20.0-15-g7f486f2 (webtiles) character file.

15551 Zwobot the Covert (level 12, -11/57 HPs)
             Began as a Spriggan Necromancer on June 10, 2017.
             Was a Follower of Uskayaw.
             Killed from afar by Azrael (36 damage)
             ... with damnation
             ... on level 13 of the Dungeon on June 11, 2017.
             The game lasted 01:14:13 (12416 turns).

Zwobot the Covert (Spriggan Necromancer)           Turns: 12416, Time: 01:14:15

Health: -11/57     AC:  5    Str:  5    XL:     12   Next: 2%
Magic:  0/32       EV: 27    Int: 34    God:    Uskayaw [*.....]
Gold:   897        SH:  0    Dex: 16    Spells: 1/25 levels left

rFire    . . .     SeeInvis +   a - +0 rapier (freeze)
rCold    + . .     Gourm    .   (shield restricted)
rNeg     . . .     Faith    .   m - +2 robe {Archmagi}
rPois    .         Spirit   +   x - +1 hat
rElec    .         Reflect  .   N - scarf {cloud immunity}
rCorr    .         Harm     .   (gloves unavailable)
MR       ++...                  (boots unavailable)
Stlth    ++++++....             Z - amulet "Hysalops" {Spirit rC+ Str-2 Int+8 Stlth+}
Regen    0.2/turn               V - +2 ring of intelligence
MPRegen  0.3/turn               B - ring "Rotenim" {MP+9 Str+3 Int+2}

@: very quick
A: unfitting armour, see invisible, herbivore 3, speed 3, slow metabolism 2
a: Stomp, Renounce Religion


You were on level 13 of the Dungeon.
You worshipped Uskayaw.
Uskayaw was noncommittal.
You were not hungry.

You visited 2 branches of the dungeon, and saw 14 of its levels.
You also visited: Bailey.

You collected 897 gold pieces.

Inventory:

Hand Weapons
 a - a +0 rapier of freezing (weapon)
 b - a +2 hunting sling of flaming
 f - a +4 rapier of draining
 i - a +0 dagger
 y - a +0 dagger of protection
 S - a +2 hunting sling of flaming
Missiles
 e - 427 stones (quivered)
 E - 73 sling bullets
Armour
 h - a +0 buckler
 m - a +2 robe of the Archmagi (worn)
 w - a +2 cloak
 x - a +1 hat (worn)
 N - a scarf of cloud immunity (worn)
 R - +0 fire dragon scales
Magical Staves
 L - an uncursed staff of fire
 P - an uncursed staff of energy
Jewellery
 p - an uncursed ring of protection from magic
 B - the ring "Rotenim" (right hand) {MP+9 Str+3 Int+2}
   (You acquired it on level 9 of the Dungeon)

   [ring of strength]

   It affects your strength (+3).
   It affects your intelligence (+2).
   It affects your magic capacity (+9).
 V - a +2 ring of intelligence (left hand)
 Y - a cursed amulet of inaccuracy {unknown}
 Z - the amulet "Hysalops" (around neck) {Spirit rC+ Str-2 Int+8 Stlth+}
   (You found it on level 12 of the Dungeon)

   [amulet of guardian spirit]

   It causes incoming damage to be split between your health and magic.
   It affects your strength (-2).
   It affects your intelligence (+8).
   It protects you from cold.
   It makes you more stealthy.
Wands
 j - a wand of iceblast (3/15)
 G - a wand of disintegration (4/24)
 H - a wand of confusion (28/48)
 I - a wand of enslavement (2/24)
 U - a wand of enslavement (10/24)
Scrolls
 d - 8 scrolls of remove curse
 k - 2 scrolls of magic mapping
 n - a scroll of immolation
 q - a scroll of fog
 r - a scroll of fear
 z - 4 scrolls of teleportation
 F - 2 scrolls of amnesia
 T - a scroll of recharging
Potions
 g - 2 potions of cancellation
 l - 8 potions of curing
 o - 5 potions of heal wounds
 u - 2 potions of invisibility
 v - 2 potions of magic
 A - 2 potions of agility {unknown}
 D - a potion of ambrosia {unknown}
 K - 3 potions of haste {unknown}
 M - 2 potions of degeneration {unknown}
 O - a potion of might {unknown}
 W - a potion of flight {unknown}
Books
 s - a book of Frost

   Spells                             Type                      Level
   a - Freeze                         Ice                          1
   b - Throw Frost                    Conjuration/Ice              2
   c - Ozocubu's Armour               Charms/Ice                   3
   d - Throw Icicle                   Conjuration/Ice              4
   e - Summon Ice Beast               Ice/Summoning                4
 t - a book of Conjurations

   Spells                             Type                      Level
   a - Magic Dart                     Conjuration                  1
   b - Searing Ray                    Conjuration                  2
   c - Dazzling Spray                 Conjuration/Hexes            3
   d - Fulminant Prism                Conjuration/Hexes            4
   e - Force Lance                    Conjuration/Translocation    4
   f - Iskenderun's Mystic Blast      Conjuration                  4
 J - Donuwe's Incunabulum of Feathery Ignition
   (You found it on level 8 of the Dungeon)

   Spells                             Type                      Level
   a - Inner Flame                    Hexes/Fire                   3
   b - Airstrike                      Air                          4
   c - Summon Lightning Spire         Summoning/Air                4
 X - a book of Debilitation

   Spells                             Type                      Level
   a - Corona                         Hexes                        1
   b - Slow                           Hexes                        2
   c - Inner Flame                    Hexes/Fire                   3
   d - Portal Projectile              Hexes/Translocation          3
   e - Cause Fear                     Hexes                        4
   f - Leda's Liquefaction            Hexes/Earth                  4
Comestibles
 c - 8 bread rations


   Skills:
 + Level 3.6 Fighting
 * Level 4.0 Short Blades
 + Level 11.5 Dodging
 + Level 12.0 Stealth
 - Level 7.0 Spellcasting
 + Level 6.8 Summonings
 - Level 7.2 Necromancy
 + Level 7.3 Air Magic
 * Level 4.8 Invocations


You had one spell level left.
You knew the following spells:

 Your Spells              Type           Power        Failure   Level  Hunger
a - Pain                  Necr           ####         1%          1    None
b - Animate Skeleton      Necr           N/A          1%          1    None
c - Vampiric Draining     Necr           #######...   1%          3    None
d - Animate Dead          Necr           N/A          1%          4    #......
e - Control Undead        Necr           #######...   1%          4    #......
f - Regeneration          Chrm/Necr      ######....   2%          3    None
g - Summon Lightning Spi  Summ/Air       ######..     1%          4    #......
h - Summon Ice Beast      Ice/Summ       ######..     9%          4    #......


Dungeon Overview and Level Annotations

Branches:
Dungeon (13/15)            Temple (1/1) D:7            Lair (0/6) D:10
    Orc (0/2) D:9
 Vaults: D:13-14

Altars:
Ashenzari
Dithmenos
Fedhas
Gozag
Hepliaklqana
Ru
Sif Muna
Uskayaw
Vehumet
Yredelemnul

Shops:
D:6 }   D:7 }

Annotations:
D:6 Grinder
D:12 exclusion: downstairs
D:13 exclusion: lightning spire, Azrael


Innate Abilities, Weirdness & Mutations

You are very small and have problems with some larger weapons.
You are too small for most types of armour.
You have supernaturally acute eyesight. (SInv)
You are a herbivore.
You cover ground extremely quickly.
You need consume almost no food.


Message History

Really fire at your lightning spire?
The mass of ice explodes!
The iceblast engulfs Azrael.
Azrael is frozen!
Azrael is almost dead.
The iceblast engulfs your lightning spire.
Your lightning spire partially resists.
Your lightning spire is moderately damaged.
This wand has 3 charges left.
Marking area around the lightning spire as unsafe for travelling.
The lightning spire shoots out a bolt of lightning at you!
The bolt of electricity misses you. Azrael gestures at you.
The bolt of fire hits you!
The lightning spire shoots out a bolt of lightning at you!
The bolt of electricity misses you.
The lightning spire shoots out a bolt of lightning at you!
The bolt of electricity hits you! Azrael gestures at you.
The sphere of damnation explodes!
The damnation engulfs you!
Ouch! That really hurt!
You die...

#####§###.#..#
(....§8...#..#
......R:.....#
.........#...#
.........#...#
.............#
.........#...#
......%..#...#
........@##>.#
.........#
#..[
.....)...#
####
.........#
##########


You could see Azrael and a lightning spire.

Vanquished Creatures
  Erolcha (D:12)
  3 two-headed ogres
  2 unseen horrors
  A manticore (D:12)
  Maurice (D:9)
  7 yaks
  2 wargs (D:9)
  Duvessa (D:7)
  An orc warrior (D:7)
  2 ice beasts
  A sky beast (D:13)
  A phantom (D:7)
  A necrophage (D:10)
  A big kobold (D:8)
  4 bullfrogs
  4 scorpions
  12 killer bees
  5 wights
  An electric eel (D:12)
  A centaur zombie (D:8)
  A crimson imp (D:9)
  3 hounds
  3 jellies
  3 orc priests
  3 orc wizards
  Crazy Yiuf (D:3)
  4 iguanas
  6 worker ants
  A hound skeleton (D:6)
  A worker ant zombie (D:6)
  Robin (D:4)
  12 adders
  A gnoll (D:10)
  A shadow imp (D:5)
  7 dart slugs
  2 leopard geckos
  21 orcs
  6 giant cockroaches
  17 goblins
  7 hobgoblins
  12 jackals
  4 quokkas
  7 bats
  5 frilled lizards
  15 kobolds
  A quokka skeleton (D:9)
  6 rats
  A fungus (D:3)
204 creatures vanquished.

Vanquished Creatures (collateral kills)
  2 hydras
  The ghost of sergedm the Eclecticist, a journeyman DECj of Vehumet (D:11)
  4 two-headed ogres
  4 orc knights (Bailey)
  An ugly thing (D:12)
  A manticore (D:13)
  A centaur skeleton (D:12)
  A troll (D:11)
  2 hippogriffs
  A shadow (D:12)
  A water elemental (D:13)
  A spriggan (D:8)
  26 yaks
  A wyvern (D:10)
  A fire elemental (D:13)
  3 hell hounds (D:13)
  2 soldier ants
  A water moccasin (D:8)
  An ice beast (D:6)
  4 orc warriors
  A black bear (D:9)
  A phantom (D:9)
  An ogre (D:7)
  4 centaurs
  A bullfrog (D:11)
  A scorpion (D:10)
  Dowan (D:7)
  A killer bee (D:11)
  10 wights
  A crimson imp (D:11)
  A quasit (D:10)
  2 centaur zombies
  A jelly (D:11)
  5 orc priests
  A gnoll shaman (D:10)
  An orc wizard (D:8)
  An iguana (D:10)
  3 worker ants
  A killer bee zombie (D:7)
  A hound zombie (D:9)
  4 gnolls (D:10)
  2 adders
  An adder skeleton (D:10)
  An adder zombie (D:7)
  22 orcs
  2 goblins (D:11)
  2 jackals (D:11)
  A plant (D:12)
133 creatures vanquished.

Vanquished Creatures (others)
  A yak (D:13)
  A bullfrog (D:8)
  2 electric eels (D:13)
4 creatures vanquished.

Grand Total: 341 creatures vanquished

Notes
Turn   | Place    | Note
-------+----------+-------------------------------------------
     0 | D:1      | Zwobot the Spriggan Necromancer began the quest for the Orb.
     0 | D:1      | Reached XP level 1. HP: 9/9 MP: 5/5
   326 | D:1      | Reached XP level 2. HP: 9/13 MP: 3/6
  1167 | D:1      | Learned a level 1 spell: Animate Skeleton
  1205 | D:1      | Reached XP level 3. HP: 13/16 MP: 4/8
  2115 | D:2      | Learned a level 3 spell: Vampiric Draining
  2273 | D:2      | Reached skill level 4 in Stealth
  2319 | D:2      | Reached XP level 4. HP: 17/21 MP: 4/9
  3258 | D:3      | Learned a level 4 spell: Animate Dead
  3594 | D:3      | Reached XP level 5. HP: 17/24 MP: 3/11
  3743 | D:3      | Noticed a two-headed ogre
  3755 | D:3      | Killed a two-headed ogre
  3755 | D:3      | Reached skill level 6 in Stealth
  3755 | D:3      | Reached skill level 5 in Necromancy
  3755 | D:3      | Reached XP level 6. HP: 27/28 MP: 10/14
  3755 | D:3      | Reached XP level 7. HP: 31/32 MP: 10/15
  3771 | D:3      | Learned a level 4 spell: Control Undead
  4281 | D:3      | Found a runed door.
  4285 | D:3      | Noticed Crazy Yiuf
  4326 | D:3      | Killed Crazy Yiuf
  4326 | D:3      | Reached skill level 5 in Spellcasting
  4739 | D:4      | Found a deep blue altar of Sif Muna.
  4949 | D:4      | Reached skill level 7 in Stealth
  4953 | D:4      | Reached XP level 8. HP: 36/36 MP: 12/17
  5059 | D:4      | Noticed Robin
  5072 | D:4      | Killed Robin
  5359 | D:3      | Found a blossoming altar of Fedhas.
  5516 | D:5      | Entered Level 5 of the Dungeon
  5693 | D:6      | Learned a level 3 spell: Regeneration
  5750 | D:6      | Found an opulent altar of Gozag.
  5779 | D:6      | Found Huqiguc's Gadget Shop.
  5829 | D:6      | Noticed Grinder
  6224 | D:6      | Reached skill level 8 in Stealth
  6349 | D:8      | Reached skill level 1 in Fighting
  6392 | D:8      | Identified Donuwe's Incunabulum of Feathery Ignition
  6399 | D:8      | Learned a level 4 spell: Summon Lightning Spire
  6473 | D:8      | Reached XP level 9. HP: 35/42 MP: 15/20
  6582 | D:8      | Reached skill level 1 in Summonings
  6618 | D:7      | Reached skill level 1 in Air Magic
  6803 | D:7      | Found Roemuu's Gadget Emporium.
  6829 | D:7      | Noticed Dowan
  6837 | D:7      | Noticed Duvessa
  6841 | D:7      | Killed Dowan
  6893 | D:7      | Killed Duvessa
  6893 | D:7      | Reached skill level 9 in Stealth
  7386 | D:7      | Found a staircase to the Ecumenical Temple.
  7392 | Temple   | Entered the Ecumenical Temple
  7406 | Temple   | Became a worshipper of Uskayaw the Reveler
  7478 | D:8      | Reached * piety under Uskayaw
  7485 | D:8      | Reached ** piety under Uskayaw
  7619 | D:9      | Found a basalt altar of Yredelemnul.
  7657 | D:9      | Noticed a two-headed ogre
  7732 | D:9      | Noticed Maurice
  7766 | D:9      | Reached *** piety under Uskayaw
  7768 | D:9      | Killed Maurice
  7841 | D:9      | Found a staircase to the Orcish Mines.
  7946 | D:9      | Killed a two-headed ogre
  7946 | D:9      | Reached XP level 10. HP: 39/47 MP: 2/21
  7965 | D:9      | Identified a scroll of acquirement
  7966 | D:9      | Got a pitted platinum ring
  7968 | D:9      | Identified the ring "Rotenim" {MP+9 Str+3 Int+2} (You acquired it on level 9 of the Dungeon)
  8084 | D:8      | Reached skill level 10 in Stealth
  8928 | D:10     | Entered Level 10 of the Dungeon
  8928 | D:10     | Noticed a two-headed ogre
  8943 | D:10     | Killed a two-headed ogre
  8975 | D:10     | Reached skill level 5 in Air Magic
  9045 | D:10     | Found a staircase to the Lair.
  9046 | D:10     | Noticed a two-headed ogre
  9066 | D:10     | Killed a two-headed ogre
  9066 | D:10     | Reached skill level 10 in Dodging
  9112 | D:10     | Reached skill level 5 in Summonings
  9257 | D:10     | Noticed a four-headed hydra
  9308 | D:10     | Killed a four-headed hydra
  9368 | D:10     | Noticed a two-headed ogre
  9384 | D:10     | Noticed a two-headed ogre
  9394 | D:10     | Killed a two-headed ogre
  9437 | D:10     | Reached skill level 11 in Stealth
  9453 | D:10     | Killed a two-headed ogre
  9610 | D:11     | Reached XP level 11. HP: 51/51 MP: 9/22
  9673 | D:11     | Reached skill level 1 in Invocations
  9846 | D:11     | Found a flagged portal.
  9854 | Bailey   | Entered a bailey
  9953 | Bailey   | Noticed an orc knight
 10084 | Bailey   | Noticed an orc knight
 10084 | Bailey   | Noticed an orc knight
 10104 | Bailey   | Killed an orc knight
 10155 | Bailey   | Killed an orc knight
 10180 | Bailey   | Killed an orc knight
 10193 | Bailey   | Noticed an orc knight
 10229 | Bailey   | Killed an orc knight
 10531 | D:11     | Noticed sergedm's ghost (journeyman DECj)
 10556 | D:11     | Killed sergedm's ghost
 10816 | D:12     | Noticed Erolcha
 10840 | D:12     | Killed Erolcha
 10999 | D:12     | Noticed a two-headed ogre
 11008 | D:12     | Killed a two-headed ogre
 11209 | D:12     | Noticed a seven-headed hydra
 11238 | D:12     | Killed a seven-headed hydra
 11238 | D:12     | Reached skill level 1 in Short Blades
 11265 | D:12     | Noticed a green ugly thing
 11265 | D:12     | Noticed an unseen horror
 11286 | D:12     | Killed a green ugly thing
 11318 | D:12     | Killed an unseen horror
 11642 | D:12     | Got a pitted brass amulet
 11645 | D:12     | Identified the amulet "Hysalops" {Spirit rC+ Str-2 Int+8 Stlth+} (You found it on level 12 of the Dungeon)
 11804 | D:12     | Learned a level 4 spell: Summon Ice Beast
 11831 | D:13     | Noticed Azrael
 11915 | D:13     | Noticed an unseen horror
 11936 | D:13     | Killed an unseen horror
 12080 | D:13     | Reached skill level 12 in Stealth
 12198 | D:13     | Reached XP level 12. HP: 57/57 MP: 10/23
 12416 | D:13     | Killed from afar by Azrael

Skill      XL: |  1  2  3  4  5  6  7  8  9 10 11 12 |
---------------+-------------------------------------+-----
Necromancy     | 4 5 6 7 |  7.2
Spellcasting   | 3 4 5 6 7 |  7.0
Dodging        | 4 6 8 9 10 11 | 11.5
Stealth        | 4 6 7 8 9 11 12 | 12.0
Fighting       | 1 2 3 |  3.6
Summonings     | 3 5 6 |  6.8
Air Magic      | 4 6 7 |  7.3
Invocations    | 4 |  4.8
Short Blades   | 3 4 |  4.0

Action                   |  1- 3 |  4- 6 |  7- 9 | 10-12 || total
-------------------------+-------+-------+-------+-------++-------
Melee: Dagger            |     3 |     7 |       |       ||    10
       Rapier            |       |    14 |   157 |   220 ||   391
 Fire: Hunting sling     |       |       |   145 |    56 ||   201
Throw: Stone             |       |       |       |     1 ||     1
 Cast: Pain              |    74 |    56 |   117 |    28 ||   275
       Animate Skeleton  |     3 |     5 |    10 |     9 ||    27
       Vampiric Draining |       |     3 |    15 |    14 ||    32
       Control Undead    |       |       |     4 |     5 ||     9
       Regeneration      |       |       |     5 |    10 ||    15
       Animate Dead      |       |       |     4 |    15 ||    19
       Summon Lightning  |       |       |     1 |    59 ||    60
       Summon Ice Beast  |       |       |       |     7 ||     7
Evoke: Wand              |       |     4 |    11 |     9 ||    24
  Use: Scroll            |       |     2 |    13 |    16 ||    31
       Potion            |       |       |     1 |     1 ||     2
 Stab: Sleeping          |     3 |     2 |    11 |     6 ||    22
       Distracted        |       |     1 |       |     5 ||     6
       Paralysed         |       |       |       |     3 ||     3
       Confused          |       |       |       |     1 ||     1
  Eat: Fruit             |       |     1 |     1 |     4 ||     6
       Royal jelly       |       |       |     4 |       ||     4
       Bread ration      |       |       |       |     1 ||     1
Armor: Robe              |     1 |     3 |    22 |     9 ||    35
Dodge: Dodged            |    24 |    29 |   224 |   227 ||   504
